 Dungeon Crawl Stone Soup version bcrawl-1.26.1 (webtiles) character file.

Game seed: 16218918166788165593

144326 Freyura the Covert (level 5, -8/27 HPs)
             Began as a Spriggan Rogue on July 11, 2020.
             Killed by divine providence
             ... invoked by an orc priest
              (11 damage)
             ... on level 4 of the Dungeon.
             The game lasted 00:09:10 (2727 turns).

Freyura the Covert (Spriggan Rogue)                 Turns: 2727, Time: 00:09:10

Health: -8/27      AC:  3    Str:  7    XL:     5   Next: 33%
Magic:  8/8        EV: 18    Int: 13    God:
Gold:   194        SH:  0    Dex: 18    Spells: 4/4 levels left

rFire    + . .     SeeInvis +   q - +2 dagger (drain)
rCold    . . .     Gourm    .   (shield restricted)
rNeg     . . .     Faith    .   c - +0 robe
rPois    .         Spirit   .   (helmet restricted)
rElec    .         Reflect  .   d - +0 cloak
rCorr    +         Harm     .   (gloves unavailable)
MR       .....                  (boots unavailable)
Stlth    ++++......             (no amulet)
HPRegen  0.09/turn              l - ring of protection from fire
MPRegen  0.11/turn              u - ring of resist corrosion

@: very quick
A: very small, unfitting armour, see invisible, herbivore, speed 3, slow
metabolism 2
a: no special abilities


You were on level 4 of the Dungeon.
You were not hungry.

You visited 1 branch of the dungeon, and saw 4 of its levels.

You collected 194 gold pieces.

Inventory:

Hand Weapons
 a - a +2 dagger
 b - a +0 blowgun
 q - a +2 dagger of draining (weapon)
Missiles
 h - 405 poisoned needles
 n - a throwing net {=f}
Armour
 c - a +0 robe (worn)
 d - a +0 cloak (worn)
Jewellery
 l - a ring of protection from fire (left hand)
 p - an uncursed amulet of the gourmand {unknown}
 u - a ring of resist corrosion (right hand)
Wands
 f - a wand of flame (9)
 g - a wand of enslavement (15)
 i - a wand of paralysis (3)
 w - a wand of polymorph (6)
Scrolls
 k - 2 scrolls of remove curse
 s - a scroll of blinking {unknown}
 t - 2 scrolls of identify
 v - 2 scrolls of amnesia
Potions
 j - a potion of might
 m - 2 potions of heal wounds
 o - 3 potions of curing {unknown}
 r - a potion of flight {unknown}
 x - a potion of brilliance {unknown}
 z - a potion of degeneration {unknown}
Comestibles
 e - 10 rations {!d}


   Skills:
 + Level 2.3 Fighting
 + Level 3.4 Short Blades
 + Level 2.8 Dodging
 * Level 8.1 Stealth
 + Level 3.8 Evocations


You had 4 spell levels left.
You didn't know any spells.
Your spell library was empty.

Dungeon Overview and Level Annotations

Branches:
Dungeon (4/12)
 Temple: D:4-7

Altars:
Trog
Xom

Shops:
D:4 (*


Innate Abilities, Weirdness & Mutations

You are very small and have problems with some larger weapons.
You are too small for most types of armour.
You have supernaturally acute eyesight. (SInv)
You are a herbivore.
You cover ground extremely quickly.
You need to consume almost no food.


Message History

Things that are here:
a +0 dagger; an orc corpse You hit the orc priest.
You drain the orc priest.
The orc priest is moderately wounded.
The orc priest mumbles some strange prayers to Beogh against you.
Beogh smites you!
The orc priest mumbles some strange prayers to Beogh against you.
Beogh smites you!
* * * LOW HITPOINT WARNING * * *
The orc wizard mumbles some strange words.
The orc wizard seems to speed up.
You closely miss the orc priest.
The orc priest is moderately wounded.
The orc wizard hits you with a +0 dagger.
* * * LOW HITPOINT WARNING * * *
You barely miss the orc priest.
The orc priest is moderately wounded.
The orc priest mumbles some strange prayers to Beogh against you.
Beogh smites you!
You die...

[....#...##.............#........
######...##...).........#........
........................#........
...............##...##..'........
....##...##....##...##..#o.......
....##...##....##...##..#......##
######..............##..#......#
....##...########o...o§.#.o....#
....##........†)@o..##..#.o....#
....##....######....##..#.....♣..
....##...............o..#...♣(∩.♣
....##.....####.....##..#.....♣##
....##...........#..# .#.....#
....##......##...#..# #o....
.....#...(............ +oo...#
....##.....####.....###
....###+............#


You could see 2 orc priests and 2 orc wizards.

Vanquished Creatures
  A howler monkey (D:3)
  An orc wizard (D:3)
  A hound skeleton (D:3)
  3 adders
  3 worms (D:3)
  3 leopard geckos
  6 orcs
  2 giant cockroaches (D:2)
  A goblin (D:3)
  6 hobgoblins
  7 jackals (D:1)
  A quokka (D:3)
  5 bats
  3 frilled lizards
  9 kobolds
  7 rats
59 creatures vanquished.

Notes
Turn   | Place    | Note
-------+----------+-------------------------------------------
     0 | D:1      | Freyura the Spriggan Rogue began the quest for the Orb.
     0 | D:1      | Reached XP level 1. HP: 10/10 MP: 3/3
   477 | D:1      | Reached XP level 2. HP: 10/15 MP: 5/5
   486 | D:1      | Reached skill level 1 in Dodging
  1068 | D:2      | Found a shimmering altar of Xom.
  1464 | D:3      | Reached skill level 7 in Stealth
  1464 | D:3      | Reached XP level 3. HP: 14/18 MP: 6/6
  1731 | D:3      | Reached XP level 4. HP: 23/23 MP: 7/7
  2061 | D:3      | Reached XP level 5. HP: 21/26 MP: 8/8
  2138 | D:3      | Noticed a moth of wrath
  2141 | D:3      | Found a bloodstained altar of Trog.
  2236 | D:3      | Reached skill level 8 in Stealth
  2634 | D:4      | Found Ynibbaif's Weapon Boutique.
  2683 | D:4      | Found Suestr Quon's Assorted Antiques.
  2727 | D:4      | Killed from afar by an orc priest

Skill      XL: |  1  2  3  4  5 |
---------------+----------------+-----
Dodging        | 1 2 |  2.8
Evocations     | 3 |  3.8
Stealth        | 7 8 |  8.1
Fighting       | 2 |  2.3
Short Blades   | 3 |  3.4

Action                   |  1- 3 |  4- 6 || total
-------------------------+-------+-------++-------
Melee: Dagger            |   128 |    89 ||   217
Evoke: Wand              |     2 |     8 ||    10
  Use: Scroll            |     3 |     3 ||     6
       Potion            |     2 |       ||     2
 Stab: Sleeping          |    13 |     6 ||    19
       Paralysed         |     1 |     1 ||     2
Armor: Robe              |    14 |     2 ||    16
Dodge: Dodged            |    90 |    71 ||   161
